 Dungeon Crawl Stone Soup version 0.26.1-2-gb8aa6d0cf2 (webtiles) character file.

Game seed: 2845337701294979839

238 Gadfly the Cudgeller (level 5, -7/53 HPs)
             Began as a Troll Berserker on Mar 1, 2021.
             Was a Priest of Trog.
             Killed from afar by Dowan (18 damage)
             ... with a shard of ice
             ... on level 4 of the Dungeon on Mar 2, 2021.
             The game lasted 00:05:45 (2115 turns).

Gadfly the Cudgeller (Troll Berserker)              Turns: 2115, Time: 00:05:46

Health: -7/53      AC:  6    Str: 31    XL:     5   Next: 78%
Magic:  4/4        EV: 10    Int:  3    God:    Trog [***...]
Gold:   78         SH:  0    Dex: 10    Spells: 4/4 levels left

rFire    . . .     SeeInvis .   a - +2 mace (drain)
rCold    . . .     Faith    .   (no shield)
rNeg     . . .     Spirit   .   g - +0 animal skin
rPois    .         Reflect  .   (helmet restricted)
rElec    .         Harm     .   (no cloak)
rCorr    .         Rampage  .   (gloves unavailable)
Will     .....                  (boots unavailable)
Stlth    +.........             (no amulet)
HPRegen  0.57/turn              d - +6 ring of strength
MPRegen  0.09/turn              (no ring)

@: glowing
A: large, unfitting armour, claws 3, regeneration 1, shaggy fur 1, tough skin 3
a: Renounce Religion, Berserk, Trog's Hand


You were on level 4 of the Dungeon.
You worshipped Trog.
Trog was most pleased with you.
You visited 1 branch of the dungeon, and saw 4 of its levels.

You collected 78 gold pieces.

Inventory:

Hand Weapons
 a - a +2 mace of draining (weapon)
 b - a +0 morningstar
Armour
 g - a +0 animal skin (worn)
Jewellery
 d - a +6 ring of strength (left claw)
Wands
 h - a wand of acid (10) (quivered)
 j - a wand of flame (19)
Scrolls
 k - a scroll of identify
Potions
 c - 2 potions of curing
 e - a potion of might
 f - a potion of resistance {unknown}
 i - a potion of invisibility {unknown}
 m - a potion of attraction {unknown}


   Skills:
 + Level 3.1 Fighting
 + Level 3.4 Maces & Flails
 * Level 2.5 Armour
 - Level 2.4 Dodging
 * Level 2.2 Evocations


You had 4 spell levels left.
You didn't know any spells.
Your spell library was empty.

Dungeon Overview and Level Annotations

Branches:
Dungeon (4/15)
 Temple: D:4-7

Altars:
Makhleb

Annotations:
D:4 Dowan


Innate Abilities, Weirdness & Mutations

You are too large for most types of armour.
You have claws for hands.
Your natural rate of healing is unusually fast.
You are covered in fur. (AC +1)
You have extremely tough skin. (AC +3)


Message History

You hit Duvessa but do no damage. You drain Duvessa.
Duvessa is almost dead.
Dowan says, "Stay away from my face!"
Dowan points at Duvessa and mumbles some strange words.
Duvessa seems to speed up.
Duvessa hits you but does no damage.
You hit Duvessa but do no damage. You drain Duvessa.
Duvessa is almost dead.
Duvessa hits you with a +2 short sword of protection.
* * * LOW HITPOINT WARNING * * *
Duvessa hits you with a +2 short sword of protection.
* * * LOW HITPOINT WARNING * * *
Unknown command.
You sock Duvessa!
You kill Duvessa!
Trog accepts your kill.
Dowan screams, "No!
No!"
Dowan seems to find hidden reserves of power!
Dowan points at you and mumbles some strange words.
The shard of ice hits you!!
You die...

.. #.......# #.
#.#####.#
#.#.###.#...#.#
#...)...#.#.#.#
##(.##..#.#.#.# #..
#..#.#.#.# #.>
#..#..<..#
#####..###.#.#
#...#.e.)@.#.#
#.#.#.######.#
#.#..........#
########.###.########
.............#
########.##### #.#
#.# #.#


You could see Dowan (fast).

Vanquished Creatures
  Duvessa (D:4)
  A scorpion (D:2)
  An orc wizard (D:4)
  5 adders
  A gnoll (D:1)
  An ooze (D:1)
  A worm (D:2)
  2 dart slugs (D:1)
  3 leopard geckos
  11 orcs (D:3)
  3 ball pythons
  9 bats
  4 giant cockroaches
  5 hobgoblins
  5 jackals
  7 kobolds
  3 quokkas
  3 frilled lizards
  8 goblins
  5 rats
79 creatures vanquished.

Notes
Turn   | Place    | Note
-------+----------+-------------------------------------------
     0 | D:1      | Gadfly the Troll Berserker began the quest for the Orb.
     0 | D:1      | Reached XP level 1. HP: 22/22 MP: 0/0
   143 | D:1      | Reached XP level 2. HP: 29/29 MP: 1/1
   184 | D:1      | Reached skill level 1 in Armour
   304 | D:1      | Reached skill level 1 in Evocations
   385 | D:1      | Reached XP level 3. HP: 32/36 MP: 2/2
   740 | D:2      | Reached XP level 4. HP: 43/44 MP: 3/3
   809 | D:2      | Reached ** piety under Trog
  1114 | D:2      | Reached XP level 5. HP: 47/52 MP: 4/4
  1638 | D:3      | Found a burning altar of Makhleb.
  1806 | D:3      | Reached *** piety under Trog
  2079 | D:4      | Noticed Dowan
  2084 | D:4      | Noticed Duvessa
  2115 | D:4      | Killed Duvessa
  2115 | D:4      | Killed from afar by Dowan

Illustrated notes

Levels and vault maps discovered:
D:1:      minmay_arrival_radiant_lines, layout_loops_ring
D:2:      layout_basic, serial_glass, glass_columns_a, glass_columns_c,
          minmay_strange_pillars, item_on_display_a, minmay_strange_pillars,
          kennysheep_flooded_box, minmay_tromino_v4_a
D:3:      layout_loops_ring, overflow_temple_1_default
D:4:      layout_basic, chequers_ossuary_entry_cave, uniq_duvessa, uniq_ijyb

Skill      XL: |  1  2  3  4  5 |
---------------+----------------+-----
Armour         | 1 2 |  2.5
Evocations     | 1 2 |  2.2
Maces & Flails | 3 |  3.4
Fighting       | 3 |  3.1
Dodging        | |  2.4

Action                   |  1- 3 |  4- 6 || total
-------------------------+-------+-------++-------
Melee: Mace              |    80 |   138 ||   218
  Use: Scroll            |     4 |     5 ||     9
       Potion            |       |     2 ||     2
 Stab: Sleeping          |       |     2 ||     2
Armor: Animal skin       |    32 |    64 ||    96
Dodge: Dodged            |    60 |    98 ||   158
